SL
WIZARDING EXPRESS @ TOLEDO STINGERS
07/28/2031
 
TOP OF THE 1ST
Wizarding Express batting - Pitching for Toledo Stingers : LHP Hermenegildo Beliago
Pitching: LHP Hermenegildo Beliago
Batting: LHB José Corona 0-0: SINGLE (Line Drive, 9S)
Batting: RHB Frank Grimes 0-0: Ball
1-0: Foul Ball, location: 2F
1-1: Ball
2-1: Called Strike
2-2: Ball
3-2: Strikes out swinging
Batting: RHB António Martínez 0-0: Ball
1-0: Ball
2-0: Foul Ball, location: 2F
2-1: Foul Ball, location: 2F
2-2: Fly out, F7 (Flyball, 7)
Batting: RHB Ralph Cranford 0-0: Foul Ball, location: 2F
0-1: Foul Ball, location: 2F
0-2: Ball
1-2: Foul Ball, location: 2F
1-2: Fly out, F7 (Flyball, 7LS)
Top of the 1st over - 0 runs, 1 hit, 0 errors, 1 left on base; Wizarding 0 - Toledo 0
BOTTOM OF THE 1ST
Toledo Stingers batting - Pitching for Wizarding Express : RHP Juan Torres
Pitching: RHP Juan Torres
Batting: RHB Brett Callison 0-0: Ground out 5-3 (Groundball, 56)
Batting: SHB Eugene Clutch 0-0: Called Strike
0-1: Ball
1-1: Swinging Strike
1-2: Ball
2-2: Foul Ball, location: 2F
2-2: Ball
3-2: Foul Ball, location: 2F
3-2: Strikes out swinging
Batting: RHB Armando Alvarado 0-0: Foul Ball, location: 2F
0-1: Called Strike
0-2: Strikes out swinging
Bottom of the 1st over - 0 runs, 0 hits, 0 errors, 0 left on base; Wizarding 0 - Toledo 0
TOP OF THE 2ND
Wizarding Express batting - Pitching for Toledo Stingers : LHP Hermenegildo Beliago
Batting: LHB Nathan Tanner 0-0: Ball
1-0: Ball
2-0: Swinging Strike
2-1: Called Strike
2-2: Foul Ball, location: 2F
2-2: Strikes out swinging
Batting: SHB Salvador Trevino 0-0: Foul Ball, location: 2F
0-1: Called Strike
0-2: Ball
1-2: SINGLE (Groundball, 6MD)
Batting: LHB David Holbrook 0-0: Called Strike
0-1: Foul Ball, location: 2F
0-2: Ball
1-2: SINGLE (Groundball, 25) (infield hit)
Salvador Trevino to second
Batting: LHB António Boccanegra 0-0: Ground out 4-3 (Groundball, 4S)
Salvador Trevino to third
David Holbrook to second
Batting: LHB David Breitling 0-0: Ball
1-0: Ball
2-0: Called Strike
2-1: Swinging Strike
2-2: Ball
3-2: Fly out, F8 (Flyball, 8RS)
Top of the 2nd over - 0 runs, 2 hits, 0 errors, 2 left on base; Wizarding 0 - Toledo 0
BOTTOM OF THE 2ND
Toledo Stingers batting - Pitching for Wizarding Express : RHP Juan Torres
Batting: RHB Alfredo Martínez 0-0: Called Strike
0-1: Called Strike
0-2: Ball
1-2: Ball
2-2: Ball
3-2: Fly out, F8 (Flyball, 8LM)
Batting: LHB Tural Bishara 0-0: Called Strike
0-1: Called Strike
0-2: Ball
1-2: Foul Ball, location: 2F
1-2: SOLO HOME RUN (Flyball, 9LD), Distance : 358 ft
Batting: RHB Tamasaburo Kato 0-0: Ball
1-0: Ball
2-0: Called Strike
2-1: Ball
3-1: Called Strike
3-2: Base on Balls
Batting: LHB Rafael Sánchez 0-0: Called Strike
0-1: Reached on error, E7 (Flyball, 7LM)
Tamasaburo Kato to second
Batting: LHB Ned Durand 0-0: Ball
Tamasaburo Kato is caught stealing 3rd base
Rafael Sánchez to second
1-0: Foul Ball, location: 2F
1-1: DOUBLE (Line Drive, 9LM)
Rafael Sánchez scores
Batting: SHB Tsing Guao 0-0: Ball
1-0: Ball
2-0: Ball
3-0: Called Strike
3-1: Foul Ball, location: 2F
3-2: Base on Balls
Batting: RHB Brett Callison 0-0: Ball
1-0: Ground out 4-3 (Groundball, 4)
Bottom of the 2nd over - 2 runs, 2 hits, 1 error, 2 left on base; Wizarding 0 - Toledo 2
TOP OF THE 3RD
Wizarding Express batting - Pitching for Toledo Stingers : LHP Hermenegildo Beliago
Batting: LHB José Corona 0-0: Foul Ball, location: 2F
0-1: Fly out, F7 (Flyball, 7)
Batting: RHB Frank Grimes 0-0: Ground out 3-1 (Groundball, 3S)
Batting: RHB António Martínez 0-0: Called Strike
0-1: Foul Ball, location: 2F
0-2: Fly out, F7 (Flyball, 7S)
Top of the 3rd over - 0 runs, 0 hits, 0 errors, 0 left on base; Wizarding 0 - Toledo 2
BOTTOM OF THE 3RD
Toledo Stingers batting - Pitching for Wizarding Express : RHP Juan Torres
Batting: SHB Eugene Clutch 0-0: Ground out 6-3 (Groundball, 6S)
Batting: RHB Armando Alvarado 0-0: Ball
1-0: Fly out, F9 (Flyball, 9D)
Batting: RHB Alfredo Martínez 0-0: Foul Ball, location: 2F
0-1: Ball
1-1: Called Strike
1-2: Strikes out swinging
Bottom of the 3rd over - 0 runs, 0 hits, 0 errors, 0 left on base; Wizarding 0 - Toledo 2
TOP OF THE 4TH
Wizarding Express batting - Pitching for Toledo Stingers : LHP Hermenegildo Beliago
Batting: RHB Ralph Cranford 0-0: Called Strike
0-1: SINGLE (Groundball, 6D)
Batting: LHB Nathan Tanner 0-0: Ball
Ralph Cranford steals 2nd base
1-0: Ball
2-0: Ball
3-0: Foul Ball, location: 2F
3-1: Foul Ball, location: 2F
3-2: Foul Ball, location: 2F
3-2: Strikes out swinging
Batting: SHB Salvador Trevino 0-0: Called Strike
0-1: Ball
1-1: Ball
2-1: Swinging Strike
2-2: Strikes out swinging
Batting: LHB David Holbrook 0-0: Called Strike
0-1: Ball
1-1: DOUBLE (Groundball, 5L)
Ralph Cranford scores
Batting: LHB António Boccanegra 0-0: Ball
1-0: Called Strike
1-1: Foul Ball, location: 2F
1-2: Ball
2-2: Ground out 1-3 (Groundball, 13S)
Top of the 4th over - 1 run, 2 hits, 0 errors, 1 left on base; Wizarding 1 - Toledo 2
BOTTOM OF THE 4TH
Toledo Stingers batting - Pitching for Wizarding Express : RHP Juan Torres
Batting: LHB Tural Bishara 0-0: Ball
1-0: Ball
2-0: Ball
3-0: Base on Balls
Batting: RHB Tamasaburo Kato 0-0: Ball
1-0: Fielders Choice at 2nd, 3-6 (Groundball, 3)
Batting: LHB Rafael Sánchez 0-0: Swinging Strike
0-1: Fly out, F8 (Flyball, 89XD)
Batting: LHB Ned Durand 0-0: Ground out 4-3 (Groundball, 4)
Bottom of the 4th over - 0 runs, 0 hits, 0 errors, 1 left on base; Wizarding 1 - Toledo 2
TOP OF THE 5TH
Wizarding Express batting - Pitching for Toledo Stingers : LHP Hermenegildo Beliago
Batting: LHB David Breitling 0-0: Swinging Strike
0-1: Foul Ball, location: 2F
0-2: Ball
1-2: Foul Ball, location: 2F
1-2: Foul Ball, location: 2F
1-2: Strikes out swinging
Batting: LHB José Corona 0-0: Ball
1-0: Called Strike
1-1: Foul Ball, location: 2F
1-2: Ball
2-2: Foul Ball, location: 2F
2-2: Foul Ball, location: 2F
2-2: Ground out 4-3 (Groundball, 4)
Batting: RHB Frank Grimes 0-0: Swinging Strike
0-1: Ball
1-1: Foul Ball, location: 2F
1-2: Foul Ball, location: 2F
1-2: Foul Ball, location: 2F
1-2: Strikes out looking
Top of the 5th over - 0 runs, 0 hits, 0 errors, 0 left on base; Wizarding 1 - Toledo 2
BOTTOM OF THE 5TH
Toledo Stingers batting - Pitching for Wizarding Express : RHP Juan Torres
Batting: SHB Tsing Guao 0-0: Ball
1-0: Called Strike
1-1: Called Strike
1-2: Ball
2-2: Foul Ball, location: 2F
2-2: Foul Ball, location: 2F
2-2: Ground out 1-3 (Groundball, 13)
Batting: RHB Brett Callison 0-0: Called Strike
0-1: Ball
1-1: SINGLE (Groundball, 34S) (infield hit)
Batting: SHB Eugene Clutch 0-0: Ball
1-0: Fly out, F8 (Flyball, 8RD)
Batting: RHB Armando Alvarado 0-0: Fly out, F8 (Flyball, 8RS)
Bottom of the 5th over - 0 runs, 1 hit, 0 errors, 1 left on base; Wizarding 1 - Toledo 2
TOP OF THE 6TH
Wizarding Express batting - Pitching for Toledo Stingers : LHP Hermenegildo Beliago
Batting: RHB António Martínez 0-0: Ball
1-0: Foul Ball, location: 2F
1-1: SOLO HOME RUN (Flyball, 7D), Distance : 393 ft
Batting: RHB Ralph Cranford 0-0: Called Strike
0-1: SINGLE (Groundball, 6MD)
Batting: LHB Nathan Tanner 0-0: Ball
1-0: Ground out 6-3 (Groundball, 6S)
Ralph Cranford to second
Batting: SHB Salvador Trevino 0-0: Intentional Walk
Batting: LHB David Holbrook 0-0: Called Strike
0-1: DOUBLE (Groundball, 3L)
Ralph Cranford scores
Salvador Trevino to third
Batting: LHB António Boccanegra 0-0: Foul Ball, location: 2F
0-1: Ball
1-1: Foul Ball, location: 2F
1-2: Ball
2-2: Ball
3-2: Foul Ball, location: 2F
3-2: Foul Ball, location: 2F
3-2: SINGLE (Groundball, 34) (infield hit)
Salvador Trevino scores
David Holbrook to third
Batting: LHB David Breitling 0-0: Ball
1-0: Swinging Strike
1-1: Ball
2-1: Ball
3-1: Swinging Strike
3-2: Foul Ball, location: 2F
3-2: Foul Ball, location: 2F
3-2: Foul Ball, location: 2F
3-2: Strikes out swinging
Batting: LHB José Corona 0-0: Reached on error, E4 (Groundball, 4M)
David Holbrook scores
António Boccanegra to second
Batting: RHB Frank Grimes 0-0: Called Strike
0-1: Ball
1-1: Foul Ball, location: 2F
1-2: Fly out, F9 (Line Drive, 89D)
Top of the 6th over - 4 runs, 4 hits, 1 error, 2 left on base; Wizarding 5 - Toledo 2
BOTTOM OF THE 6TH
Toledo Stingers batting - Pitching for Wizarding Express : RHP Juan Torres
Batting: RHB Alfredo Martínez 0-0: Foul Ball, location: 2F
0-1: Ball
1-1: Fly out, F7 (Flyball, 7D)
Batting: LHB Tural Bishara 0-0: Ball
1-0: Called Strike
1-1: Swinging Strike
1-2: Strikes out swinging
Batting: RHB Tamasaburo Kato 0-0: Called Strike
0-1: Ground out 6-3 (Groundball, 6)
Bottom of the 6th over - 0 runs, 0 hits, 0 errors, 0 left on base; Wizarding 5 - Toledo 2
TOP OF THE 7TH
Wizarding Express batting - Pitching for Toledo Stingers : LHP Hermenegildo Beliago
Batting: RHB António Martínez 0-0: Called Strike
0-1: Ball
1-1: Ball
2-1: Fly out, F8 (Line Drive, 8LD)
Batting: RHB Ralph Cranford 0-0: Foul Ball, location: 2F
0-1: Ball
1-1: SINGLE (Groundball, 34D)
Batting: LHB Nathan Tanner 0-0: Ball
1-0: Called Strike
1-1: Foul Ball, location: 2F
1-2: Strikes out looking
Pitching: LHP Bill Edmonds
Batting: SHB Salvador Trevino 0-0: Ball
Wild Pitch!
Ralph Cranford to second
1-0: Ball
2-0: Ball
3-0: Called Strike
3-1: Base on Balls
Batting: LHB David Holbrook 0-0: Ball
1-0: Ground out U3 (Groundball, 3)
Top of the 7th over - 0 runs, 1 hit, 0 errors, 2 left on base; Wizarding 5 - Toledo 2
BOTTOM OF THE 7TH
Toledo Stingers batting - Pitching for Wizarding Express : RHP Juan Torres
Batting: LHB Rafael Sánchez 0-0: Called Strike
0-1: Ball
1-1: Foul Ball, location: 2F
1-2: SINGLE (Groundball, 4D)
Batting: LHB Ned Durand 0-0: Ball
1-0: Ball
2-0: Ball
3-0: Called Strike
3-1: Foul Ball, location: 2F
3-2: Foul Ball, location: 2F
3-2: Foul Ball, location: 2F
3-2: Base on Balls
Rafael Sánchez to second
Batting: SHB Tsing Guao 0-0: Swinging Strike
0-1: Called Strike
0-2: Ball
1-2: Strikes out swinging
Batting: RHB Brett Callison 0-0: Called Strike
0-1: Swinging Strike
0-2: Ball
1-2: Foul Ball, location: 2F
1-2: Ball
2-2: Foul Ball, location: 2F
2-2: Foul Ball, location: 2F
2-2: Fly out, F7 (Flyball, 7S)
Pitching: LHP Eijiro Takahashi
Batting: SHB Eugene Clutch 0-0: Ball
1-0: Ball
2-0: Called Strike
2-1: Fly out, F7 (Flyball, 7LD)
Bottom of the 7th over - 0 runs, 1 hit, 0 errors, 2 left on base; Wizarding 5 - Toledo 2
TOP OF THE 8TH
Wizarding Express batting - Pitching for Toledo Stingers : LHP Bill Edmonds
Pitching: LHP An Jang-Yop
Batting: LHB António Boccanegra 0-0: Foul Ball, location: 2F
0-1: Foul Ball, location: 2F
0-2: Foul Ball, location: 2F
0-2: Foul Ball, location: 2F
0-2: Foul Ball, location: 2F
0-2: Ball
1-2: Strikes out looking
Batting: LHB David Breitling 0-0: Ball
1-0: SINGLE (Line Drive, 8LS)
Batting: LHB José Corona 0-0: Ball
1-0: Ball
2-0: Foul Ball, location: 2F
2-1: Foul Ball, location: 2F
2-2: Ball
3-2: 2-RUN HOME RUN (Flyball, 7D), Distance : 412 ft
Batting: RHB Frank Grimes 0-0: SINGLE (Line Drive, 4D)
Batting: RHB António Martínez 0-0: Called Strike
0-1: Ball
1-1: Ball
2-1: Called Strike
2-2: Ball
3-2: Base on Balls
Frank Grimes to second
Batting: RHB Ralph Cranford 0-0: Called Strike
0-1: Ball
1-1: Ball
2-1: 3-RUN HOME RUN (Flyball, 7D), Distance : 397 ft
Pitching: LHP Maxime Janssens
Batting: LHB Nathan Tanner 0-0: Called Strike
0-1: Swinging Strike
0-2: Strikes out swinging
Batting: SHB Salvador Trevino 0-0: Called Strike
0-1: Ground out 6-3 (Groundball, 6)
Top of the 8th over - 5 runs, 4 hits, 0 errors, 0 left on base; Wizarding 10 - Toledo 2
BOTTOM OF THE 8TH
Toledo Stingers batting - Pitching for Wizarding Express : LHP Eijiro Takahashi
Batting: RHB Armando Alvarado 0-0: Ball
1-0: Called Strike
1-1: Ball
2-1: Foul Ball, location: 2F
2-2: Strikes out swinging
Batting: RHB Alfredo Martínez 0-0: Called Strike
0-1: Ball
1-1: Ball
2-1: Called Strike
2-2: Strikes out swinging
Batting: LHB Tural Bishara 0-0: Called Strike
0-1: Ball
1-1: Foul Ball, location: 2F
1-2: Ball
2-2: Fly out, F8 (Line Drive, 8LM)
Bottom of the 8th over - 0 runs, 0 hits, 0 errors, 0 left on base; Wizarding 10 - Toledo 2
TOP OF THE 9TH
Wizarding Express batting - Pitching for Toledo Stingers : LHP Maxime Janssens
Batting: LHB David Holbrook 0-0: Called Strike
0-1: Ball
1-1: SINGLE (Groundball, 6D)
Batting: LHB António Boccanegra 0-0: Foul Ball, location: 2F
0-1: Grounds into double play, 6-4-3 (Groundball, 6)
Batting: LHB David Breitling 0-0: Called Strike
0-1: Swinging Strike
0-2: Ball
1-2: Ball
2-2: Fly out, F8 (Flyball, 8RM)
Top of the 9th over - 0 runs, 1 hit, 0 errors, 0 left on base; Wizarding 10 - Toledo 2
BOTTOM OF THE 9TH
Toledo Stingers batting - Pitching for Wizarding Express : LHP Eijiro Takahashi
Now at 1B: Gonzalo Ángel
Batting: RHB Tamasaburo Kato 0-0: Reached on error, E6 (Groundball, 6)
Batting: LHB Rafael Sánchez 0-0: Called Strike
0-1: Ball
1-1: Ball
2-1: Fly out, F7 (Line Drive, 7)
Batting: LHB Ned Durand 0-0: Ball
1-0: Grounds into double play, 4-6-3 (Groundball, 4)
Bottom of the 9th over - 0 runs, 0 hits, 1 error, 0 left on base; Wizarding 10 - Toledo 2
Tuesday, June 12th, 2018 - OOTP Baseball 18.8 Build 76